 Dungeon Crawl Stone Soup version 0.31-a0-818-ge7c7cf74f0 (webtiles) character file.

Game seed: 10561224467765439835

9996 Ethylacetat the Covert (level 11, -1/76 HPs)
             Began as an Octopode Gladiator on Sept 23, 2023.
             Was an Initiate of Gozag.
             Slain by a yak (14 damage)
             ... on level 10 of the Dungeon.
             The game lasted 00:29:24 (10400 turns).

Ethylacetat the Covert (Octopode Gladiator)        Turns: 10400, Time: 00:29:24

Health: -1/76      AC:  2    Str: 12    XL:     11   Next: 55%
Magic:  0/20       EV: 22    Int: 14    God:    Gozag
Gold:   1502       SH: 11    Dex: 17    Spells: 23/23 levels left

rFire   . . .        a - +6 dagger (venom)
rCold   . . .        B - +6 buckler of Light {rN+ rCorr Int+3 Stlth-}
rNeg    + . .        j - +1 hat
rPois   .            d - amulet of guardian spirit
rElec   .            e - ring of see invisible
rCorr   +            q - +5 ring of evasion
SInv    +            E - ring of flight
Will    .....        (no ring)
Stlth   +++++        (no ring)
HPRegen 0.32/turn    (no ring)
MPRegen 0.17/turn    (no ring)
                     (no ring)

%: guardian spirit
@: gold aura, flying, studying Polearms
A: almost no armour, amphibious, 8 rings, camouflage 1, gelatinous body 1,
(nimble swimmer 1), tentacles, weak 1, MP-powered wands
a: Renounce Religion, Potion Petition, Call Merchant, Bribe Branch


You were on level 10 of the Dungeon.
You worshipped Gozag.
Gozag was most pleased with you.
You visited 1 branch of the dungeon, and saw 10 of its levels.
You also visited: Bailey.

You collected 1763 gold pieces.
You spent 180 gold pieces at shops.
You paid 81 gold pieces to Gozag.

Inventory:

Hand Weapons
 a - a +6 dagger of venom (weapon)
Missiles
 b - 4 throwing nets
 c - a javelin
Armour
 j - a +1 hat (worn)
 B - the +6 buckler of Light (worn) {rN+ rCorr Int+3 Stlth-}
   (You found it in a bailey)

   Int+3:     It affects your intelligence (+3).
   rN+:       It protects you from negative energy.
   rCorr:     It protects you from acid and corrosion.
   Stlth-:    It makes you less stealthy.
Jewellery
 d - an amulet of guardian spirit (around mantle)
 e - a ring of see invisible (left tentacle)
 n - a ring of fire
 q - a +5 ring of evasion (right tentacle)
 E - a ring of flight (on tentacle)
Talismans
 r - a serpent talisman
Wands
 D - a wand of flame (25)
 G - a wand of roots (5)
Scrolls
 g - a scroll of blinking
 h - 2 scrolls of teleportation
 i - a scroll of silence {unknown}
 l - a scroll of fear {unknown}
 m - a scroll of enchant armour {unknown}
 p - a scroll of revelation
 t - 2 scrolls of vulnerability {unknown}
 u - a scroll of butterflies {unknown}
 y - a scroll of fog {unknown}
 C - 2 scrolls of amnesia {unknown}
 F - a scroll of noise {unknown}
 H - a scroll of poison {unknown}
 I - a scroll of immolation {unknown}
Potions
 f - 3 potions of brilliance
 k - a potion of curing {unknown}
 o - 2 potions of enlightenment
 v - 4 potions of heal wounds
 w - a potion of might
 x - a potion of magic
 z - a potion of experience {unknown}
 A - a potion of haste


   Skills:
 + Level 7.7 Fighting
 - Level 4.1 Short Blades
 - Level 2.0 Throwing
 + Level 8.1 Dodging
 + Level 10.3 Stealth
 + Level 4.3 Shields
 - Level 4.0 Unarmed Combat
 + Level 6.5 Spellcasting
 * Level 6.7 Shapeshifting


You had 23 spell levels left.
You didn't know any spells.
Your spell library contained the following spells:

 Spells                   Type           Power      Damage    Failure   Level
 Apportation              Tloc           8%         N/A       21%         1
 Wereblood                Tmut           4%         N/A       30%         2
 Inner Flame              Hex/Fire       4%         N/A       52%         3
 Ozocubu's Armour         Ice            4%         N/A       52%         3
 Stone Arrow              Conj/Erth      8%         3d7       52%         3
 Flame Wave               Conj/Fire      4%         2d5       90%         4
 Sticky Flame             Conj/Fire      4%         2d3       90%         4
 Irradiate                Conj/Tmut      2%         3d12      99%         5
 Ozocubu's Refrigeration  Ice            2%         4d7       100%        7
 Lehudib's Crystal Spear  Conj/Erth      2%         10d2      100%        8
 Animate Armour           Summ/Erth      Unusable   N/A       N/A         4

Dungeon Overview and Level Annotations

Branches:
Dungeon (10/15)            Temple (0/1) D:5            Lair (0/5) D:10
    Orc (0/2) D:9          Bailey (visited)

Altars:
Ashenzari
Cheibriados
Gozag
Kikubaaqudgha
Okawaru
Qazlal
Trog
Vehumet
Wu Jian

Shops:
D:5 *   D:6 :


Innate Abilities, Weirdness & Mutations

You cannot wear most types of armour.
You are amphibious.
You can wear up to eight rings at the same time.
Your skin changes colour to match your surroundings (Stealth+).
Your rubbery body absorbs attacks. (AC +1, EV +1)
((You are camouflaged when in or above water. (Stealth+)))
You have tentacles for arms and can constrict up to eight enemies at once.
You are weak. (Str -2)
You expend magic power (3 MP) to strengthen your wands.


Message History

You hit the yak.
The yak is poisoned.
You squeeze the yak!
The yak is heavily wounded.
You block the yak's attack. The yak closely misses you. x2
You hit the yak.
The yak looks as sick as possible!
The yak is heavily wounded.
The yak gores you! The yak gores you.
* * * LOW HITPOINT WARNING * * *
The yak completely misses you.
You hit the yak but do no damage.
The yak looks as sick as possible!
You squeeze the yak!
The yak is severely wounded.
You hit the yak but do no damage.
Your tentacle-slap misses the yak.
You squeeze the yak!
You kill the yak!
You block the yak's attack.
You hit the yak.
The yak looks as sick as possible!
You squeeze the yak, but do no damage.
The yak is severely wounded.
You block the yak's attack. x2; The yak misses you.
You puncture the yak!
The yak looks as sick as possible!
You squeeze the yak.
The yak is almost dead.
The yak closely misses you. The yak barely misses you.
You block the yak's attack.
You hit the yak.
You kill the yak!
You block the yak's attack. x2
You hit the yak but do no damage.
The yak looks even sicker.
You squeeze the yak.
The yak is moderately wounded.
The yak gores you!
* * * LOW HITPOINT WARNING * * *
The yak completely misses you.
You hit the yak.
The yak looks as sick as possible!
The yak is moderately wounded.
You barely miss the yak.
The yak is heavily wounded.
The yak is distracted by your dazzling golden aura.
The yak gores you!
You die...
Your body crumbles into a pile of gold.

8.......#
........#.(.#
8#......#.(.#
#......#.(.###
#......#.....
#......#....
#.>....#...
#......##Y######
#.......Y@$....#
#..............#
#..............#
#..............#
..................
...####...##+###..
... #...# . ..
#...#


You could see 2 yaks.

Vanquished Creatures
  3 two-headed ogres
  Amaemon (D:8)
  Maurice (D:8)
  A gargoyle (Bailey)
  Jeremiah (D:7)
  An orange demon (D:8)
  Maggie (D:8)
  Grinder (D:5)
  A vampire (Bailey)
  A wraith (D:6)
  A wyvern (D:8)
  10 yaks
  2 sky beasts
  3 orc warriors
  A centaur (D:6)
  A phantom (D:5)
  7 bullfrogs
  A gnoll sergeant (D:9)
  5 scorpions
  16 killer bees
  2 howler monkeys
  8 vampire bats (Bailey)
  4 wolf zombies (Bailey)
  4 hounds
  A jelly (D:6)
  12 orc priests
  2 sleepcaps (D:7)
  2 gnoll boudas
  3 iguanas
  16 orc wizards
  8 adders
  14 gnolls
  20 orc zombies (Bailey)
  3 shadow imps
  A white imp (D:8)
  2 ufetubi
  2 worms
  31 orcs
  6 endoplasms
  6 giant cockroaches
  8 hobgoblins
  4 jackals (D:1)
  5 kobolds
  6 quokkas
  7 ball pythons
  5 bats
  3 frilled lizards (D:3)
  8 goblins
  5 rats
257 creatures vanquished.

Notes
Turn   | Place    | Note
-------+----------+-------------------------------------------
     0 | D:1      | Ethylacetat the Octopode Gladiator began the quest for the
                  | Orb.
     0 | D:1      | Reached XP level 1. HP: 14/14 MP: 1/1
   164 | D:1      | Reached XP level 2. HP: 16/19 MP: 2/2
   186 | D:1      | Reached skill level 1 in Stealth
   521 | D:1      | Reached XP level 3. HP: 25/25 MP: 3/3
  1203 | D:2      | Reached skill level 2 in Stealth
  1861 | D:3      | Reached XP level 4. HP: 28/30 MP: 3/5
  1866 | D:3      | Found a faded altar of an unknown god.
  2018 | D:3      | Reached skill level 1 in Spellcasting
  2063 | D:3      | Found an ancient bone altar of Kikubaaqudgha.
  2224 | D:3      | Identified the +2 robe of the Hippogriff {Str+2}
  2456 | D:3      | Reached skill level 3 in Stealth
  2456 | D:3      | Reached XP level 5. HP: 22/36 MP: 2/6
  2563 | D:3      | HP: 1/36 [orc wizard/+0 dagger (1)]
  3042 | D:4      | Reached XP level 6. HP: 14/42 MP: 4/8
  3493 | D:4      | Found an ornate altar of the Wu Jian Council.
  3493 | D:4      | Found an opulent altar of Gozag.
  3500 | D:4      | Found a stormy altar of Qazlal.
  3502 | D:4      | Found a snail-covered altar of Cheibriados.
  3503 | D:4      | Found a radiant altar of Vehumet.
  3513 | D:4      | Became a worshipper of Gozag Ym Sagoz the Greedy
  3901 | D:5      | Entered Level 5 of the Dungeon
  3907 | D:5      | Reached skill level 4 in Stealth
  3954 | D:5      | Noticed Grinder
  3955 | D:5      | Reached skill level 1 in Short Blades
  3962 | D:5      | Killed Grinder
  3963 | D:5      | Reached XP level 7. HP: 37/47 MP: 6/11
  4052 | D:5      | Reached skill level 5 in Stealth
  4107 | D:5      | Found Jellot's Assorted Antiques.
  4130 | D:5      | Bought a scroll labelled IMAATE HUUCO for 27 gold pieces
  4130 | D:5      | Bought 2 murky inky potions for 48 gold pieces
  4130 | D:5      | Bought a yellow potion for 24 gold pieces
  4130 | D:5      | Bought 2 scrolls labelled WECLOU MIULEPH for 54 gold pieces
  4130 | D:5      | Bought a scroll labelled RABLEB ZEFITYCAURE for 27 gold
                  | pieces
  4375 | D:5      | Reached XP level 8. HP: 54/54 MP: 12/12
  4416 | D:5      | Found a staircase to the Ecumenical Temple.
  4552 | D:5      | Reached skill level 5 in Dodging
  4748 | D:6      | Found Camur's Self-Improvement Boutique.
  5009 | D:6      | Reached skill level 6 in Stealth
  5239 | D:6      | Identified the scarf of Vutoycu {repulsion, Rampage}
  5329 | D:6      | Found a broken altar of Ashenzari.
  5432 | D:6      | Reached skill level 5 in Fighting
  5550 | D:6      | Noticed a wraith
  5558 | D:6      | Killed a wraith
  5567 | D:6      | Noticed a yak
  5578 | D:6      | Reached skill level 7 in Stealth
  5578 | D:6      | Reached XP level 9. HP: 53/61 MP: 11/15
  6026 | D:7      | Found a flagged portal.
  6036 | Bailey   | Entered a bailey
  6128 | Bailey   | Reached skill level 1 in Shapeshifting
  6370 | Bailey   | Noticed a gargoyle
  6567 | Bailey   | Gained mutation: You expend magic power (3 MP) to
                  | strengthen your wands. [potion of mutation]
  6567 | Bailey   | Gained mutation: You are weak. (Str -2) [potion of
                  | mutation]
  6593 | Bailey   | Killed a gargoyle
  6594 | Bailey   | Reached skill level 8 in Stealth
  6624 | Bailey   | Reached skill level 5 in Spellcasting
  6633 | Bailey   | Identified the +6 buckler of Light {rN+ rCorr Int+3 Stlth-}
  6827 | D:7      | Reached skill level 1 in Shields
  6867 | D:7      | Reached XP level 10. HP: 45/68 MP: 13/17
  7078 | D:7      | Noticed Jeremiah
  7108 | D:7      | Killed Jeremiah
  8144 | D:8      | Noticed Maurice
  8146 | D:8      | Noticed Maggie
  8161 | D:8      | Killed Maurice
  8162 | D:8      | Reached skill level 9 in Stealth
  8207 | D:8      | Killed Maggie
  8302 | D:8      | Reached skill level 5 in Shapeshifting
  8418 | D:8      | Noticed Amaemon
  8418 | D:8      | Noticed an orange demon
  8424 | D:8      | Killed Amaemon
  8432 | D:8      | Killed an orange demon
  8433 | D:8      | Reached XP level 11. HP: 51/75 MP: 14/20
  8551 | D:8      | Found an iron altar of Okawaru.
  8722 | D:8      | Found a bloodstained altar of Trog.
  8729 | D:8      | Got an upside-down book
  8883 | D:9      | Found a staircase to the Orcish Mines.
  8985 | D:9      | Noticed a two-headed ogre
  8993 | D:9      | Killed a two-headed ogre
  9061 | D:9      | Noticed a two-headed ogre
  9072 | D:9      | Killed a two-headed ogre
  9073 | D:9      | Reached skill level 10 in Stealth
 10300 | D:10     | Entered Level 10 of the Dungeon
 10307 | D:10     | Found a staircase to the Lair.
 10358 | D:10     | Noticed a two-headed ogre
 10370 | D:10     | Killed a two-headed ogre
 10400 | D:10     | Slain by a yak

Illustrated notes

Levels and vault maps discovered:
D:1:      dpeg_arrival_boxorama, layout_basic, minmay_misc_feat_roman
D:2:      layout_basic, roderic_lattice_a
D:3:      layout_basic, lemuel_round_altar, nicolae_ecumenical_snake_handling
D:4:      layout_loops_corners, chequers_temple_overflow_minitemple,
          serial_glass, glass_columns_a, glass_columns_a, glass_columns_b,
          glass_columns_b, glass_columns_b, glass_columns_a, glass_columns_b,
          glass_columns_a, glass_columns_a, glass_columns_b
D:5:      layout_gridville, lemuel_temple_firewalk_b, serial_shops, shop,
          uniq_grinder
D:6:      minmay_cornered_nines, layout_loops_corners, evilmike_ruin_ashenzari,
          mrwooster_statue_mirror, nicolae_eternal_life, nicolae_shop_self_help
D:7:      nicolae_BIG_FREAKIN_CUBE, layout_gridville, enter_bailey_2,
          uniq_jeremiah
D:8:      layout_loops_corners, trog_book, lemuel_doored_altar, serial_demonic,
          serial_demonic_e, serial_demonic_b, serial_demonic_g,
          serial_demonic_d, uniq_maggie, uniq_amaemon, uniq_maurice
D:9:      layout_stronghold, orc_0_dummy
D:10:     kennysheep_blocky_room, layout_irregular_city, dpeg_oklobed_lair,
          serial_column_ruins, column_ruins_corridor_corner,
          column_ruins_grid_1, column_ruins_grid_4,
          column_ruins_open_medium_water, minmay_misc_feat_more_columns,
          nicolae_shop_overcharged_wands

Skill      XL: |  1  2  3  4  5  6  7  8  9 10 11 |
---------------+----------------------------------+-----
Stealth        | 1 2 3 4 5 7 8 9 10 | 10.3
Spellcasting   | 1 2 3 4 5 6 |  6.5
Fighting       | 3 4 5 6 7 |  7.7
Dodging        | 4 5 6 7 8 |  8.1
Unarmed Combat | 4 |  4.0
Short Blades   | 1 2 3 4 |  4.1
Shapeshifting  | 3 5 6 |  6.7
Shields        | 1 3 4 |  4.3
Throwing       | |  2.0

Action                     |  1- 3 |  4- 6 |  7- 9 | 10-12 || total
---------------------------+-------+-------+-------+-------++-------
  Melee: Unarmed           |    14 |       |       |       ||    14
         Tentacles         |    16 |    34 |    78 |    98 ||   226
         Constrict         |    26 |    28 |    45 |    61 ||   160
         Punch             |     2 |     3 |    16 |    18 ||    39
         Dagger            |    88 |   118 |   289 |   297 ||   792
  Throw: Dart              |       |       |       |    18 ||    18
    Use: Potion            |       |     2 |     2 |       ||     4
         Scroll            |       |       |     6 |     9 ||    15
   Stab: Sleeping          |    11 |    13 |    28 |    11 ||    63
         Distracted        |       |       |     2 |     2 ||     4
 Armour: Skin              |    49 |    68 |    64 |    58 ||   239
  Dodge: Dodged            |    53 |    88 |   199 |   164 ||   504
  Block: Buckler           |       |       |    15 |   120 ||   135

Table legend: (Time is in decaauts)
 A = Elapsed time spent in this place.
 B = Non-inter-level travel time spent in this place.
 C = Inter-level travel time spent in this place.
 D = Time resting spent in this place.
 E = Time spent auto-exploring this place.
 F = Levels seen in this place.
 G = Mean time per level.
                   A        B        C        D        E       F      G
               +--------+--------+--------+--------+--------+-----+--------+
         Total |  10283 |   9979 |    304 |    253 |   7717 |  11 |  934.8 |
       Dungeon |   9667 |   9363 |    304 |    189 |   7573 |  10 |  966.7 |
        Bailey |    615 |    615 |      0 |     64 |    144 |   1 |  615.0 |
               +--------+--------+--------+--------+--------+-----+--------+

Top non-repeatable levels by time:
     D:9: 1459 daAuts
     D:8: 1362 daAuts
     D:6: 1235 daAuts
     D:3: 1088 daAuts
     D:2: 968 daAuts
     D:4: 963 daAuts
     D:1: 876 daAuts
     D:5: 839 daAuts
     D:7: 779 daAuts
  Bailey: 615 daAuts
    D:10: 92 daAuts
